 Dungeon Crawl Stone Soup version 0.20.1-1-g8b1a95d (webtiles) character file.

578 Crag the Ruffian (level 7, -6/61 HPs)
             Began as a Minotaur Fighter on Sept 17, 2017.
             Mangled by an ogre
             ... wielding a +0 giant spiked club
              (19 damage)
             ... on level 3 of the Dungeon.
             The game lasted 00:12:57 (2987 turns).

Crag the Ruffian (Minotaur Fighter)                 Turns: 2987, Time: 00:12:58

Health: -6/61      AC: 15    Str: 20      XL:     7   Next: 13%
Magic:  6/6        EV:  5    Int:  4 (5)  God:
Gold:   240        SH: 11    Dex: 12      Spells: 6/6 levels left

rFire    . . .     SeeInvis .     - Unarmed
rCold    + + .     Gourm    +   b - +1 shield
rNeg     . . .     Faith    .   z - +0 plate armour
rPois    .         Spirit   .   (helmet restricted)
rElec    .         Reflect  .   (no cloak)
rCorr    .         Harm     .   (no gloves)
MR       +....                  e - +2 pair of boots {Stlth+}
Stlth    ..........             h - amulet of the gourmand
Regen    0.2/turn               x - ring of protection from cold
MPRegen  0.1/turn               (no ring)

@: no status effects
A: retaliatory headbutt, horns 2, cold resistance 1, magic resistance 1
a: no special abilities


You were on level 3 of the Dungeon.
You were completely stuffed.

You visited 1 branch of the dungeon, and saw 4 of its levels.

You collected 240 gold pieces.

Inventory:

Armour
 a - a +0 scale mail
 b - a +1 shield (worn)
 e - a +2 pair of boots of stealth (worn)
 z - a +0 plate armour (worn)
Jewellery
 h - an amulet of the gourmand (around neck)
 x - a ring of protection from cold (left hand)
Wands
 y - a wand of acid (10/15)
Scrolls
 g - 3 scrolls of enchant armour
 q - a scroll of amnesia
 w - a scroll of remove curse
Potions
 c - 2 potions of might
 f - a potion of mutation
 v - a potion of degeneration
Books
 j - a book of Minor Magic

   Spells                             Type                      Level
   a - Magic Dart                     Conjuration                  1
   b - Blink                          Translocation                2
   c - Call Imp                       Summoning                    2
   d - Slow                           Hexes                        2
   e - Conjure Flame                  Conjuration/Fire             3
   f - Mephitic Cloud                 Conjuration/Poison/Air       3
Comestibles
 d - 2 bread rations
 i - 2 chunks of flesh
 l - 5 fruits
 n - 3 meat rations
 u - a royal jelly


   Skills:
 + Level 5.2 Fighting
 + Level 5.0 Armour
 + Level 3.0 Dodging
 + Level 5.2 Shields
 * Level 5.3 Unarmed Combat


You had 6 spell levels left.
You didn't know any spells.

Dungeon Overview and Level Annotations

Branches:
Dungeon (4/15)
 Temple: D:4-7

Altars:
Cheibriados
Makhleb
Ru

Annotations:
D:4 Eustachio


Innate Abilities, Weirdness & Mutations

You reflexively headbutt those who attack you in melee.
You have a pair of horns on your head.
Your flesh is cold resistant. (rC+)
You are resistant to hostile enchantments. (MR+)


Message History

You block the bat's attack. You block the river rat's attack.
The ogre hits you with a giant spiked club!
You climb upwards.
There is a stone staircase leading down, spattered with blood here.
You see here a club.
Your shield and plate armour prevent you from hitting the ogre.
You headbutt the ogre!
The ogre is moderately wounded.
The ogre hits you with a giant spiked club!!
You barely miss the ogre. Your headbutt misses the ogre.
The ogre is moderately wounded.
You hit the ogre.
The ogre is heavily wounded.
The ogre hits you with a giant spiked club!
* * * LOW HITPOINT WARNING * * *
Your shield and plate armour prevent you from hitting the ogre.
You headbutt the ogre, but do no damage.
The ogre is heavily wounded.
The ogre hits you with a giant spiked club!!
You die...

#.......######........
#....##........<...###
#....########......###
#....# ###........##
######.#####....#(.##.##
#...##...##..#.###......
#...###(....##.# ####..#
#...# ##O(####.# ##..
#...###@)......## ###
#...##.)(.......##
#................# ###
#...#............## #..
#...#.............####..
#....#..............##..
####....................
###.......####.####..
#.......## #..# #..


You could see an ogre.

Vanquished Creatures
  A phantom (D:4)
  An ogre (D:3)
  A centaur (D:3)
  An orc priest (D:3)
  A worker ant (D:3)
  Natasha (thrice) (D:2)
  Robin (D:4)
  6 adders
  2 oozes
  An adder skeleton (D:4)
  4 worms
  A dart slug (D:3)
  3 leopard geckos
  5 orcs (D:3)
  3 giant cockroaches
  16 goblins
  11 hobgoblins
  9 jackals
  A quokka (D:2)
  2 ball pythons (D:1)
  7 bats
  7 frilled lizards
  7 kobolds
  6 rats
100 creatures vanquished.

Notes
Turn   | Place    | Note
-------+----------+-------------------------------------------
     0 | D:1      | Crag the Minotaur Fighter began the quest for the Orb.
     0 | D:1      | Reached XP level 1. HP: 19/19 MP: 0/0
   269 | D:1      | Reached XP level 2. HP: 21/27 MP: 1/1
  1022 | D:2      | Reached XP level 3. HP: 33/33 MP: 2/2
  1113 | D:2      | Reached skill level 1 in Dodging
  1326 | D:2      | Reached XP level 4. HP: 41/41 MP: 3/3
  1338 | D:2      | Noticed Natasha
  1344 | D:2      | Killed Natasha
  1494 | D:2      | Noticed Natasha
  1499 | D:2      | Killed Natasha
  1568 | D:2      | Reached XP level 5. HP: 47/47 MP: 4/4
  1576 | D:2      | Noticed Natasha
  1588 | D:2      | Killed Natasha
  1630 | D:3      | Found a faded altar of an unknown god.
  1764 | D:3      | Found a sacrificial altar of Ru.
  1770 | D:3      | Found a burning altar of Makhleb.
  2109 | D:3      | Noticed a centaur
  2123 | D:3      | Killed a centaur
  2123 | D:3      | Reached XP level 6. HP: 28/55 MP: 5/5
  2420 | D:3      | Gained mutation: Your flesh is cold resistant. (rC+) [potion of mutation]
  2420 | D:3      | Gained mutation: You are resistant to hostile enchantments. (MR+) [potion of mutation]
  2426 | D:4      | Found a snail-covered altar of Cheibriados.
  2454 | D:3      | Reached skill level 5 in Fighting
  2454 | D:3      | Reached skill level 5 in Shields
  2454 | D:3      | Reached skill level 5 in Unarmed Combat
  2749 | D:4      | Reached XP level 7. HP: 49/61 MP: 6/6
  2838 | D:4      | Noticed Robin
  2886 | D:4      | Killed Robin
  2913 | D:4      | Noticed Eustachio
  2934 | D:3      | Reached skill level 5 in Armour
  2987 | D:3      | Mangled by an ogre

Skill      XL: |  1  2  3  4  5  6  7 |
---------------+----------------------+-----
Fighting       | 4 5 |  5.2
Unarmed Combat | 3 4 5 |  5.3
Dodging        | 1 2 3 |  3.0
Shields        | 4 5 |  5.2
Armour         | 4 5 |  5.0

Action                   |  1- 3 |  4- 6 |  7- 9 || total
-------------------------+-------+-------+-------++-------
Melee: Unarmed           |   118 |   157 |    42 ||   317
       Headbutt          |    18 |    34 |    12 ||    64
  Use: Scroll            |     3 |     5 |       ||     8
       Potion            |       |     8 |       ||     8
 Stab: Invisible         |       |     1 |       ||     1
  Eat: Chunk             |    10 |    14 |     1 ||    25
Armor: Scale mail        |    50 |    22 |       ||    72
       Plate armour      |       |    39 |    36 ||    75
Dodge: Dodged            |    37 |    40 |    10 ||    87
Block: Shield            |    47 |    76 |    49 ||   172
